 Dungeon Crawl Stone Soup version 0.30-a0-389-g8d7d949f56 (webtiles) character file.

Game seed: 17901231379033413783

7434 spardeous the Nimble (level 10, -2/51 HPs)
             Began as a Felid Transmuter on Dec 4, 2022.
             Was an Initiate of Gozag.
             Slain by a slime creature (8 damage)
             ... while petrified by a basilisk
             ... on level 12 of the Dungeon.
             The game lasted 00:39:22 (13345 turns).

spardeous the Nimble (Felid Transmuter)            Turns: 13345, Time: 00:39:22

Health: -2/51      AC: 10    Str:  6    XL:     10   Next: 93%
Magic:  20/21      EV:  5    Int: 17    God:    Gozag
Gold:   750        SH:  0    Dex: 32    Spells: 13/23 levels left
                                        Lives:  0   Deaths: 2

rFire   . . .      SeeInvis +      - Unarmed
rCold   x . .      Faith    .    (shield unavailable)
rNeg    + + +      Spirit   .    (body armour unavailable)
rPois   ∞          Reflect  .    (helmet unavailable)
rElec   .          Harm     .    (cloak unavailable)
rCorr   .          Rampage  .    (gloves unavailable)
Will    +....      Clarity  +    (boots unavailable)
Stlth   ++++++....               b - amulet of regeneration
HPRegen 1.08/turn                g - +4 ring of protection
MPRegen 0.17/turn                w - ring of the Traitor {rC- AC+4 Dex+8 Stlth+}

@: spider-form (expiring), petrified
A: venomous fangs, tiny, (claws 1), (fangs 3), see invisible, (speed 1), (shaggy
fur 2), (stealthy paws), no weapons or thrown items, no armour, multi-lived,
clarity, screaming 1, (electricity resistance)
a: End Transformation, Renounce Religion, Potion Petition, Call Merchant, Bribe
Branch


You were on level 12 of the Dungeon.
You worshipped Gozag.
Gozag was pleased with you.
You were a venomous arachnid creature.
You visited 2 branches of the dungeon, and saw 13 of its levels.
You also visited: Bailey.

You collected 2248 gold pieces.
You spent 716 gold pieces at shops.
You paid 782 gold pieces to Gozag.

Inventory:

Jewellery
 b - an amulet of regeneration (around neck)
 g - a +4 ring of protection (left front leg)
 t - a +6 ring of strength
 w - the ring of the Traitor (right front leg) {rC- AC+4 Dex+8 Stlth+}
   (You found it on level 4 of the Dungeon)

   [ring of protection]

   AC:        It affects your AC (+4).
   Dex:       It affects your dexterity (+8).
   rC:        It makes you vulnerable to cold.
   Stlth:     It makes you more stealthy.
 y - an amulet of reflection
 C - a ring of flight
 E - a ring of ice
 M - a +6 ring of intelligence
Wands
 k - a wand of polymorph (2)
 n - a wand of light (4)
 v - a wand of iceblast (19)
 A - a wand of flame (39)
 N - a wand of mindburst (4)
Scrolls
 f - 4 scrolls of immolation
 h - 6 scrolls of teleportation
 j - 2 scrolls of summoning
 l - 6 scrolls of enchant weapon {unknown}
 m - a scroll of torment {unknown}
 o - a scroll of amnesia {unknown}
 p - 6 scrolls of noise
 q - 9 scrolls of fear {unknown}
 r - 6 scrolls of butterflies
 u - 4 scrolls of vulnerability {unknown}
 D - a scroll of brand weapon {unknown}
 H - a scroll of poison
 I - a scroll of enchant armour {unknown}
 P - a scroll of silence {unknown}
 Q - a scroll of magic mapping
Potions
 a - 3 potions of lignification
 c - a potion of might
 d - 3 potions of resistance {unknown}
 e - 10 potions of degeneration
 i - 5 potions of heal wounds
 s - a potion of brilliance
 x - 3 potions of ambrosia
 z - 2 potions of flight
 B - a potion of cancellation
 F - 2 potions of curing
 G - a potion of magic {unknown}
 J - 2 potions of attraction {unknown}
 K - a potion of invisibility
 L - a potion of berserk rage


   Skills:
 - Level 10.1 Fighting
 - Level 12.0 Dodging
 - Level 8.0 Stealth
 - Level 7.3 Unarmed Combat
 + Level 7.1 Spellcasting
 - Level 7.1 Transmutations


You had 13 spell levels left.
You knew the following spells:

 Your Spells              Type           Power      Damage    Failure   Level
a - Beastly Appendage     Tmut           60%        N/A       4%          1
b - Spider Form           Tmut/Pois      18%        N/A       21%         3
c - Wereblood             Tmut           30%        N/A       4%          2
d - Ice Form              Ice/Tmut       18%        N/A       47%         4

Your spell library contained the following spells:

 Spells                   Type           Power      Damage    Failure   Level
 Sublimation of Blood     Necr           6%         N/A       36%         2
 Petrify                  Tmut/Erth      18%        N/A       47%         4
 Tukima's Dance           Hex            6%         N/A       56%         3
 Irradiate                Conj/Tmut      9%         3d14      78%         5
 Yara's Violent Unravell  Hex/Tmut       9%         3d6       78%         5
 Passage of Golubria      Tloc           6%         N/A       89%         4
 Fireball                 Conj/Fire      3%         3d4       99%         5
 Iskenderun's Battlesphe  Conj           6%         2d6       99%         5
 Silence                  Hex/Air        3%         N/A       99%         5
 Conjure Ball Lightning   Conj/Air       3%         3x3d7     100%        6
 Iron Shot                Conj/Erth      3%         9d2       100%        6
 Orb of Destruction       Conj           3%         9d5       100%        7
 Spellforged Servitor     Conj/Summ      3%         N/A       100%        7
 Lehudib's Crystal Spear  Conj/Erth      3%         10d2      100%        8


Dungeon Overview and Level Annotations

Branches:
Dungeon (12/15)            Temple (1/1) D:4            Lair (0/5) D:9
 Bailey (visited)
    Orc: D:9-12

Altars:
Ashenzari
Cheibriados
Dithmenos
Elyvilon
Fedhas
Gozag
Hepliaklqana
Kikubaaqudgha
Makhleb
Nemelex Xobeh
Okawaru
Qazlal
Ru
Sif Muna
Trog
Uskayaw
Vehumet
Wu Jian
Xom
Yredelemnul
Zin
The Shining One

Shops:
D:1 *   D:4 ?   D:8 *   D:10 !


Innate Abilities, Weirdness & Mutations

You are a venomous arachnid creature.
You have poisonous fangs.
You are tiny and dextrous.
You are immune to poison.
Your spellcasting is less reliable in this form.
((You have sharp claws.))
((You have razor-sharp teeth.))
You have supernaturally acute eyesight. (SInv)
((You cover ground quickly. (Speed+)))
((You are covered in thick fur. (AC +2)))
((Your paws help you pounce on unaware monsters.))
You are incapable of wielding weapons or throwing items.
You cannot wear armour.
You gain extra lives every three experience levels.
You possess an exceptional clarity of mind.
You occasionally shout uncontrollably at your foes.
((You are resistant to electric shocks. (rElec)))


Message History

The basilisk is lightly wounded.
The basilisk misses you.
A slime creature comes into view. x2
You hit the basilisk.
The basilisk is lightly wounded.
The basilisk completely misses you.
You hit the basilisk but do no damage.
The basilisk is lightly wounded.
The basilisk completely misses you.
You bite the basilisk!
The basilisk looks as sick as possible!
The basilisk is moderately wounded.
The basilisk gazes at you. You resist with almost no effort.
You hit the basilisk but do no damage.
The basilisk looks as sick as possible!
The basilisk is moderately wounded.
Two slime creatures merge to form a large slime creature.
The basilisk gazes at you.
You are slowing down.
The basilisk attacks as you move away! The basilisk misses you.
Your limbs are stiffening.
Your transformation is almost over.
The basilisk gazes at you.
Your limbs have turned to stone.
You have turned to stone.
The basilisk bites you.
Two slime creatures merge to form a large slime creature.
The basilisk gazes at you. You resist with almost no effort.
A large slime creature splits.
The basilisk closely misses you. The slime creature hits you.
The large slime creature hits you!! The slime creature hits you!
The slime creature barely misses you. The basilisk gazes at you.
The large slime creature hits you!!!
* * * LOW HITPOINT WARNING * * *
The slime creature hits you!
* * * LOW HITPOINT WARNING * * *
The slime creature closely misses you.
A large slime creature splits.
The basilisk gazes at you. You resist with almost no effort.
The slime creature hits you!
You die...
Your body crumbles into a pile of gold.

.........
#.........
##..........
##...........
#............
#............
#..JJ.$..[...
#..sl.......#
#..JJ......#
#..........#
#.......#.##
#.......# .
#.........
######..#.#
###.# #


You could see 4 slime creatures and a basilisk (very poisoned).

Vanquished Creatures
  2 two-headed ogres
  3 death yaks
  Amaemon (D:8)
  Pikel (D:6)
  A manticore (D:11)
  An orange demon (D:8)
  An unseen horror (D:10)
  Psyche (D:8)
  A gargoyle (D:11)
  Sigmund (D:2)
  A shadow (D:10)
  4 spriggans (Bailey)
  A wraith (D:10)
  Eustachio (D:5)
  2 wyverns
  2 vampire mosquitoes (D:11)
  11 yaks (D:10)
  2 steam dragons
  3 acid dragons
  An ice beast (D:7)
  A black bear (D:5)
  A sky beast (D:5)
  3 centaurs
  4 ogres (Bailey)
  2 lemures (D:6)
  Blork the orc (D:5)
  A kobold brigand (D:9)
  3 scorpions
  6 wights
  5 killer bees
  6 howler monkeys
  A bullfrog zombie (D:5)
  3 jellies
  2 hounds
  2 gnoll boudas (D:7)
  5 orc priests
  2 iguanas
  Natasha (thrice) (D:2)
  12 orc wizards
  A hound zombie (D:5)
  14 gnolls
  9 adders
  A river rat (D:9)
  2 white imps
  3 ufetubi
  A worm (D:3)
  3 dart slugs
  41 orcs
  7 ball pythons
  7 bats
  10 endoplasms
  A giant cockroach (D:1)
  16 goblins
  13 hobgoblins
  4 jackals
  4 quokkas
  6 frilled lizards
  22 kobolds
  6 rats
275 creatures vanquished.

Vanquished Creatures (others)
  An orc (D:8)
  2 plants (D:8)
3 creatures vanquished.

Grand Total: 278 creatures vanquished

Notes
Turn   | Place    | Note
-------+----------+-------------------------------------------
     0 | D:1      | spardeous the Felid Transmuter began the quest for the Orb.
     0 | D:1      | Reached XP level 1. HP: 9/9 MP: 4/4
     0 | D:1      | Noticed a vampire
     0 | D:1      | Noticed a ghoul
     1 | D:1      | Noticed a draconian
     3 | D:1      | Noticed a demonspawn
     3 | D:1      | Noticed an ogre
     5 | D:1      | Noticed a vampire
     6 | D:1      | Noticed a troll
     7 | D:1      | Noticed an ogre
     9 | D:1      | Noticed a tengu
    11 | D:1      | Noticed a tengu
    11 | D:1      | Noticed a formicid
    15 | D:1      | Noticed a felid
    17 | D:1      | Noticed a barachi
    19 | D:1      | Noticed a ghoul
   183 | D:1      | Reached XP level 2. HP: 11/13 MP: 4/6
   342 | D:1      | Reached skill level 1 in Stealth
   443 | D:1      | Found Wibb's Assorted Antiques.
   479 | D:1      | Bought a scroll labelled MAAXIO TYSUAHA for 20 gold pieces
   479 | D:1      | Bought an amethyst potion for 18 gold pieces
   479 | D:1      | Bought a sedimented pink potion for 18 gold pieces
   557 | D:1      | Reached XP level 3. HP: 16/16 MP: 5/7
   773 | D:1      | Reached skill level 3 in Dodging
  1034 | D:2      | Learned a level 3 spell: Spider Form
  1136 | D:2      | Reached skill level 4 in Dodging
  1164 | D:2      | Noticed Sigmund
  1241 | D:2      | Found a faded altar of an unknown god.
  1361 | D:2      | Reached XP level 4. HP: 21/21 MP: 6/8
  1515 | D:2      | Noticed Natasha
  1558 | D:2      | Killed Natasha
  1866 | D:2      | Noticed Natasha
  1889 | D:2      | Killed Natasha
  1890 | D:2      | Reached skill level 5 in Dodging
  1894 | D:2      | Noticed Natasha
  1906 | D:2      | Killed Natasha
  1907 | D:2      | Reached XP level 5. HP: 10/24 MP: 5/9
  2082 | D:1      | Bought a scroll labelled TYNIZI KOUGHUW for 20 gold pieces
  2082 | D:1      | Bought a scroll labelled VEIPTI DAMONA for 20 gold pieces
  2188 | D:3      | Learned a level 2 spell: Wereblood
  3321 | D:4      | Found a staircase to the Ecumenical Temple.
  3330 | Temple   | Entered the Ecumenical Temple
  3379 | Temple   | Became a worshipper of Gozag Ym Sagoz the Greedy
  3540 | D:4      | Reached skill level 5 in Transmutations
  3540 | D:4      | Gained mutation: You are covered in thick fur. (AC +2)
                  | [Felid growth]
  3540 | D:4      | Reached XP level 6. HP: 22/28 MP: 7/10
  3566 | D:4      | Found Sobis's Magic Scroll Shoppe.
  3629 | D:4      | Identified the ring of the Traitor {rC- AC+4 Dex+8 Stlth+}
  3739 | D:4      | Bought a scroll of identify for 22 gold pieces
  3739 | D:4      | Bought a scroll of teleportation for 33 gold pieces
  4066 | D:5      | Entered Level 5 of the Dungeon
  4131 | D:5      | Found a basalt altar of Yredelemnul.
  4271 | D:5      | Noticed a sky beast
  4305 | D:5      | Killed a sky beast
  4306 | D:5      | Reached XP level 7. HP: 22/31 MP: 11/11
  4330 | D:5      | Noticed Blork the orc
  4364 | D:5      | Killed Blork the orc
  4762 | D:5      | Noticed Eustachio
  4787 | D:5      | Killed Eustachio
  4788 | D:5      | Reached skill level 5 in Unarmed Combat
  4838 | D:5      | Found a shadowy altar of Dithmenos.
  5159 | D:2      | Killed Sigmund
  5160 | D:2      | Reached XP level 8. HP: 32/34 MP: 9/12
  5479 | D:1      | Bought 2 scrolls labelled WAEDUXT GOGETI for 40 gold pieces
  5583 | D:4      | Bought 2 scrolls of butterflies for 88 gold pieces
  5583 | D:4      | Bought a scroll of identify for 22 gold pieces
  5683 | D:6      | Learned a level 4 spell: Ice Form
  5846 | D:6      | Found a blossoming altar of Fedhas.
  6121 | D:6      | Reached skill level 5 in Stealth
  6149 | D:6      | Noticed Pikel
  6223 | D:6      | Killed Pikel
  6829 | D:7      | Found a broken altar of Ashenzari.
  6853 | D:7      | Found a hazy altar of Hepliaklqana.
  6854 | D:7      | Found a glowing silver altar of Zin.
  6912 | D:7      | Reached XP level 9. HP: 37/37 MP: 6/13
  7030 | D:7      | Reached skill level 6 in Dodging
  7159 | D:7      | Reached skill level 7 in Dodging
  7528 | D:7      | Reached skill level 8 in Dodging
  7722 | D:4      | Bought a scroll of noise for 11 gold pieces
  7722 | D:4      | Bought a scroll of immolation for 44 gold pieces
  7813 | D:8      | Noticed Psyche
  7966 | D:8      | Killed Psyche
  7967 | D:8      | Reached skill level 9 in Dodging
  8045 | D:8      | Found a flagged portal.
  8090 | D:8      | Noticed an orange demon
  8091 | D:8      | Noticed Amaemon
  8107 | D:8      | Killed an orange demon
  8108 | D:8      | Reached skill level 10 in Dodging
  8124 | D:8      | Killed Amaemon
  8125 | D:8      | Reached skill level 11 in Dodging
  8150 | Bailey   | Entered a bailey
  8185 | Bailey   | Reached skill level 12 in Dodging
  8185 | Bailey   | Reached XP level 10. HP: 37/42 MP: 11/14
  8609 | Bailey   | Noticed a two-headed ogre
  8635 | Bailey   | Reached skill level 5 in Fighting
  8648 | Bailey   | Slain by a two-headed ogre
  8649 | Bailey   | Reached XP level 9. HP: -4/40 MP: 8/13
  8662 | Bailey   | Killed a two-headed ogre
  9049 | D:8      | Found Jumpyps's Assorted Antiques.
  9057 | D:8      | Bought a potion of curing for 72 gold pieces
  9057 | D:8      | Bought a scroll labelled CINOUBL PEOBB for 24 gold pieces
  9057 | D:8      | Bought a scroll of identify for 48 gold pieces
  9838 | D:8      | Found a snail-covered altar of Cheibriados.
  9838 | D:8      | Found a sacrificial altar of Ru.
  9947 | D:8      | Gained mutation: You are dopey. (Int -2) [potion of
                  | mutation]
  9947 | D:8      | Gained mutation: You have hidden genetic potential. [potion
                  | of mutation]
  9947 | D:8      | Gained mutation: Your muscles are strong. (Str +4, Int/Dex
                  | -1) [potion of mutation]
  9948 | D:8      | Lost mutation: You are dopey. (Int -2) [potion of mutation]
  9948 | D:8      | Lost mutation: Your muscles are strong. (Str +4, Int/Dex
                  | -1) [potion of mutation]
  9948 | D:8      | Gained mutation: You have a pair of small horns on your
                  | head. [potion of mutation]
  9948 | D:8      | Gained mutation: Your magical capacity is low. (-10% MP)
                  | [potion of mutation]
  9948 | D:8      | Gained mutation: You have a pair of horns on your head.
                  | [potion of mutation]
  9949 | D:8      | Lost mutation: You have hidden genetic potential. [potion
                  | of mutation]
  9949 | D:8      | Lost mutation: You have a pair of horns on your head.
                  | [potion of mutation]
  9949 | D:8      | Lost mutation: You have a pair of small horns on your head.
                  | [potion of mutation]
  9949 | D:8      | Gained mutation: You have a pair of small antennae on your
                  | head. [potion of mutation]
  9949 | D:8      | Gained mutation: You occasionally shout uncontrollably at
                  | your foes. [potion of mutation]
  9950 | D:8      | Lost mutation: Your magical capacity is low. (-10% MP)
                  | [potion of mutation]
  9950 | D:8      | Lost mutation: You occasionally shout uncontrollably at
                  | your foes. [potion of mutation]
  9950 | D:8      | Lost mutation: You have a pair of small antennae on your
                  | head. [potion of mutation]
  9950 | D:8      | Gained mutation: You occasionally shout uncontrollably at
                  | your foes. [potion of mutation]
  9950 | D:8      | Gained mutation: You possess an exceptional clarity of
                  | mind. [potion of mutation]
  9950 | D:8      | Gained mutation: You are resistant to electric shocks.
                  | (rElec) [potion of mutation]
 10054 | D:9      | Noticed a death yak
 10055 | D:9      | Found a staircase to the Lair.
 10055 | D:9      | Noticed a death yak
 10056 | D:9      | Noticed a death yak
 10198 | D:9      | Found a shimmering altar of Xom.
 10261 | D:9      | Found an ancient bone altar of Kikubaaqudgha.
 10529 | D:9      | Reached XP level 10. HP: 38/48 MP: 14/14
 10670 | D:9      | Found a transporter.
 10688 | D:9      | Found a transporter.
 10874 | D:8      | Killed a death yak
 10961 | D:9      | Found a transporter.
 10976 | D:9      | Found a transporter.
 11485 | D:9      | Killed a death yak
 11516 | D:9      | Slain by a death yak
 11517 | D:9      | Reached XP level 9. HP: -2/46 MP: 12/13
 11604 | D:9      | Killed a death yak
 11605 | D:9      | Reached skill level 10 in Fighting
 11711 | D:10     | Entered Level 10 of the Dungeon
 11717 | D:10     | Bought a potion of invisibility for 96 gold pieces
 11717 | D:10     | Bought a potion of heal wounds for 60 gold pieces
 11717 | D:10     | Bought a potion of berserk rage for 60 gold pieces
 11800 | D:10     | Found an iron altar of Okawaru.
 11915 | D:10     | Noticed an unseen horror
 11940 | D:10     | Killed an unseen horror
 11986 | D:10     | Reached XP level 10. HP: 51/51 MP: 11/15
 12153 | D:10     | Reached skill level 5 in Spellcasting
 12493 | D:11     | Noticed a gargoyle
 12538 | D:11     | Killed a gargoyle
 12633 | D:11     | Noticed a two-headed ogre
 12646 | D:11     | Killed a two-headed ogre
 12787 | D:11     | Noticed a manticore
 12801 | D:11     | Killed a manticore
 13345 | D:12     | Slain by a slime creature

Illustrated notes

Levels and vault maps discovered:
D:1:      shiori_arrival_whats_in_store_for_you, layout_loops_ring,
          serial_shops, shop
D:2:      layout_basic, dilly_ecumenical_altar_fadedgnrine,
          roderic_roman_lattice, uniq_natasha, uniq_sigmund
D:3:      layout_basic, st_stairs_11
D:4:      layout_gridville, minmay_temple_entry_mini_moons, serial_shops, shop
D:5:      layout_loops_ring, mainiacjoe_overflow_boulevard,
          lemuel_zombie_altar_yredelemnul, uniq_eustachio, uniq_blork_the_orc
D:6:      layout_gridville, fedhas_altar_2, uniq_pikel
D:7:      layout_basic, nicolae_overflow_hidden_temple,
          mainiacjoe_overflow_divided_tiny, nicolae_titane
D:8:      corexii_shantytown, layout_basic, nicolae_overflow_two_pavilions,
          serial_shops, shop, enter_bailey_7, uniq_amaemon, uniq_psyche
D:9:      layout_gridville, mainiacjoe_overflow_catch_the_wave,
          dpeg_lair_monsters, minmay_statues_item,
          nicolae_transporter_intersection
D:10:     layout_roguey, okawaru_altar_gauntlet_db
D:11:     layout_cave_pods
D:12:     minmay_open_boxes_in_corner, layout_rooms,
          kennysheep_orc_monster_closet_entryway, gauntlet_entry_generic
Temple:   bh_familiar_temple

Skill      XL: |  1  2  3  4  5  6  7  8  9 10 |
---------------+-------------------------------+-----
Fighting       | 2 3 10 9 | 10.1
Stealth        | 1 4 8 |  8.0
Dodging        | 4 5 12 | 12.0
Transmutations | 3 5 6 7 |  7.1
Unarmed Combat | 5 7 |  7.3
Spellcasting   | 3 7 |  7.1

Action                   |  1- 3 |  4- 6 |  7- 9 | 10-12 || total
-------------------------+-------+-------+-------+-------++-------
Melee: Unarmed           |    93 |   144 |   490 |   267 ||   994
       Headbutt          |    16 |    33 |    46 |    18 ||   113
       Bite              |     7 |     6 |    26 |    10 ||    49
       Punch             |     2 |     1 |    12 |     5 ||    20
 Cast: Beastly Appendage |    37 |    31 |    47 |    12 ||   127
       Spider Form       |       |    10 |    34 |    23 ||    67
       Wereblood         |       |       |     3 |     2 ||     5
Invok: Call Merchant     |       |       |     1 |       ||     1
 Abil: End Transformatio |       |       |     1 |       ||     1
Evoke: Wand              |       |       |     9 |       ||     9
  Use: Scroll            |       |       |    10 |     3 ||    13
       Potion            |       |       |     7 |       ||     7
 Stab: Sleeping          |     5 |     3 |    10 |     4 ||    22
       Distracted        |       |       |       |     2 ||     2
Armor: Skin              |     4 |    25 |    42 |    15 ||    86
Dodge: Dodged            |    69 |   103 |   526 |   295 ||   993

Table legend: (Time is in decaauts)
 A = Elapsed time spent in this place.
 B = Non-inter-level travel time spent in this place.
 C = Inter-level travel time spent in this place.
 D = Time resting spent in this place.
 E = Time spent auto-exploring this place.
 F = Levels seen in this place.
 G = Mean time per level.
                   A        B        C        D        E       F      G
               +--------+--------+--------+--------+--------+-----+--------+
         Total |  11313 |  10180 |   1133 |    252 |   6888 |  14 |  808.1 |
       Dungeon |  10589 |   9476 |   1113 |    177 |   6584 |  12 |  882.4 |
        Temple |    161 |    141 |     20 |      0 |    130 |   1 |  161.0 |
        Bailey |    563 |    563 |      0 |     74 |    173 |   1 |  563.0 |
               +--------+--------+--------+--------+--------+-----+--------+

Top non-repeatable levels by time:
     D:9: 1346 daAuts
     D:8: 1257 daAuts
     D:2: 1138 daAuts
     D:7: 1123 daAuts
     D:1: 1002 daAuts
     D:3: 932 daAuts
     D:5: 922 daAuts
     D:6: 827 daAuts
    D:11: 740 daAuts
     D:4: 669 daAuts
    D:10: 612 daAuts
  Bailey: 563 daAuts
  Temple: 161 daAuts
    D:12: 15 daAuts
